Map: Fear and Faith LE

Players

HeroMarine - Winner!

  • Race: Terran Terran
  • Spawn Location: 11:00

Jumy (ForJumy)

  • Race: Protoss Protoss
  • League: Master
  • Spawn Location: 1:00

Event: HomeStory Cup XXIX

VOD

Have the link to the VOD?

Description

Time

  • Played on: July 3, 2026, 7:19 a.m.
  • Length: 5:21

All games in this series

Show
View Real Time Build Order
Export as new Build Order

HeroMarine Terran - Winner!

Build Orders: Reaper Expand 

Get SALT Encoding   

  8  0:00  SCV  
  9  0:12  SCV  
  10  0:24  SCV  
  10  0:27  Supply Depot  
  11  0:36  SCV  
  12  0:48  SCV  
  13  0:53  Barracks  
  13  1:01  Refinery  
  13  1:05  SCV  
  14  1:17  SCV  
  15  1:29  SCV  
  16  1:41  Orbital Command  
  16  1:43  Reaper  
  17  2:06  SCV  
  18  2:15  Command Center  
  18  2:19  SCV  
  19  2:25  Factory  
  19  2:31  SCV  
  19  2:35  Supply Depot  
  20  2:39  Barracks Reactor  
  20  2:43  SCV  
  21  2:47  Refinery  
  21  2:57  SCV  
  22  3:09  SCV  
  22  3:10  Factory Tech Lab  
  23  3:15  Marine x2  
  25  3:21  SCV  
  26  3:28  Orbital Command  
  26  3:33  Marine x2, SCV, Cyclone  
  32  3:45  SCV  
  32  3:51  Marine x2  
  34  3:56  SCV  
  34  3:57  SCV  
  36  4:06  Siege Tank, Supply Depot  
  36  4:08  SCV  
  40  4:10  SCV  
  40  4:15  Orbital Command  
  41  4:19  Marine x2  
  42  4:27  Barracks  
  42  4:28  SCV, Engineering Bay  
  43  4:37  Marine x2  
  44  4:44  Siege Tank  
  47  4:47  SCV  
  47  4:49  SCV  
  49  4:56  Marine x2  
  49  4:59  SCV  
  47  5:01  SCV  
Show
View Real Time Build Order
Export as new Build Order

Jumy Protoss 

Build Orders:  

Get SALT Encoding   

  8  0:00  Probe  
  9  0:12  Probe  
  10  0:24  Probe  
  11  0:36  Pylon, Probe  
  12  0:48  Probe  
  13  0:56  Gateway  
  13  1:01  Probe (Chrono Boost)  
  14  1:11  Assimilator  
  14  1:14  Probe (Chrono Boost)  
  15  1:19  Probe (Chrono Boost)  
  16  1:28  Probe  
  16  1:31  Gateway  
  17  1:44  Cybernetics Core  
  17  1:46  Probe  
  18  1:55  Zealot  
  20  2:02  Pylon  
  20  2:08  Probe  
  21  2:17  Adept (Chrono Boost)  
  21  2:18  Adept (Chrono Boost)  
  21  2:21  Warp Gate (Chrono Boost)  
  25  2:36  Gateway  
  25  2:43  Adept  
  27  2:51  Adept  
  29  3:00  Pylon  
  29  3:08  Gateway  
  29  3:19  Probe  
  30  3:25  Stalker  
  30  3:26  Adept  
  34  3:32  Pylon  
  34  3:38  Probe  
  33  4:05  Stalker  
  33  4:11  Zealot x3  
  33  4:14  Assimilator  
  35  4:27  Probe  
  35  4:30  Zealot (Chrono Boost)  
  36  4:35  Stalker  
  36  4:39  Stalker  
  37  4:48  Zealot  
Tags
 
Add a new tag
Caveats
  • Supply blocks, unpowered buildings, or Contaminate may cause inaccurate times.
  • Supply counts are checked every 10 seconds.